 Dungeon Crawl Stone Soup version 0.17.0-24-gcfadda4 (webtiles) character file.

170 oplop the Magician (level 5, 0/36 HPs)
             Began as an Octopode Transmuter on Nov 15, 2015.
             Killed by divine providence
             ... invoked by an orc priest
              (9 damage)
             ... on level 4 of the Dungeon.
             The game lasted 00:03:57 (2453 turns).

oplop the Magician (Octopode Transmuter)            Turns: 2453, Time: 00:03:58

Health: 0/36       AC:  1    Str: 10    XL:     5   Next: 50%
Magic:  10/10      EV: 12    Int: 16    God:
Gold:   136        SH:  0    Dex: 12    Spells: 3 memorised, 4 levels left

rFire  . . .     SeeInvis .       - Unarmed
rCold  . . .     Clarity  .     (no shield)
rNeg   . . .     SustAt   +     (helmet restricted)
rPois  .         Gourm    .     (no amulet)
rElec  .         Spirit   .     j - ring of sustain attributes
rCorr  .         Warding  .     (no ring)
rMut   .         Stasis   .     (no ring)
MR     .....                    (no ring)
Stlth  ++........               (no ring)
                                (no ring)
                                (no ring)
                                (no ring)

@: appendage (expiring), not resistant to hostile enchantments, unstealthy
A: almost no armour, amphibious, 8 rings, constrict 8, tentacle spike 3,
camouflage 1, gelatinous body 1
a: End Transformation


You were on level 4 of the Dungeon.
You were not hungry.
One of your tentacles had a temporary spike.
You visited 1 branch of the dungeon, and saw 4 of its levels.

You collected 136 gold pieces.

Inventory:

Hand Weapons
 m - a +0 blowgun
Missiles
 a - 54 arrows
 r - 35 poisoned needles
Jewellery
 j - a ring of sustain attributes (left tentacle)
Scrolls
 e - a scroll of random uselessness {unknown}
 f - a scroll of immolation {unknown}
 g - 2 scrolls of identify {unknown}
 i - 2 scrolls of fear {unknown}
 t - a scroll of teleportation {unknown}
Potions
 h - a potion of might {unknown}
 k - 2 potions of heal wounds {unknown}
 l - 2 potions of cancellation {unknown}
 o - a potion of lignification {unknown}
 q - a potion of haste {unknown}
 s - a potion of agility {unknown}
Books
 b - a book of Changes

   Spells                             Type                      Level
   a - Beastly Appendage              Transmutation                1
   b - Sticks to Snakes               Transmutation                2
   c - Spider Form                    Transmutation/Poison         3
   d - Ice Form                       Ice/Transmutation            4
   e - Blade Hands                    Transmutation                5
Comestibles
 c - 2 bread rations
 d - 2 beef jerkies
 n - a meat ration
 p - a slice of pizza


   Skills:
 + Level 2.9 Fighting
 - Level 2.0 Dodging
 - Level 3.0 Unarmed Combat
 + Level 3.4 Spellcasting
 + Level 3.4 Transmutations
 + Level 0.5 Poison Magic


You had 4 spell levels left.
You knew the following spells:

 Your Spells              Type           Power        Failure   Level  Hunger
a - Beastly Appendage     Trmt           ##....       6%          1    None
b - Sticks to Snakes      Trmt           ##........   10%         2    ##.....
c - Spider Form           Trmt/Pois      #.........   28%         3    ###....


Dungeon Overview and Level Annotations

Branches:
Dungeon (4/15)
 Temple: D:4-7

Altars:
Kikubaaqudgha
Qazlal
Ru


Innate Abilities, Weirdness & Mutations

You cannot wear most types of armour.
You are amphibious.
You can wear up to eight rings at the same time.
You can use your tentacles to constrict eight enemies at once.
Your skin changes colour to match your surroundings (Stealth).
Your rubbery body absorbs attacks (AC +1).
One of your tentacles bears a large vicious spike.


Message History

You pierce the orc wizard, but do no damage.
The orc wizard is heavily wounded.
You constrict the orc wizard. The orc wizard hits you with a dagger.
The orc priest calls upon Beogh to heal the orc wizard.
The orc wizard is healed somewhat.
You completely miss the orc wizard. You squeeze the orc wizard.
The orc wizard is heavily wounded.
You constrict the orc wizard. The orc wizard hits you with a dagger.
You tentacle-slap the orc wizard but do no damage.
The orc wizard is heavily wounded.
You constrict the orc wizard. The orc wizard hits you with a dagger.
* * * LOW HITPOINT WARNING * * *
You are too injured to fight recklessly!
You are too injured to fight recklessly!
You tentacle-slap the orc wizard but do no damage.
You squeeze the orc wizard.
You kill the orc wizard!
The orc priest invokes the aid of Beogh against you.
Something smites you!
You die...

.o. #..#.#
#.# ##.#.#
#.#### #...##
#..o.#
##...### ##
####.#
##....#...
#.###
##.##...#
#...###
#.......#
###...####
#..####.#
###...o###@.#
..
####...o)## #
####..# #..#
...# .....
.......
.###....) .#
#.##...


You could see an orc priest.

Vanquished Creatures
  Jessica (D:2)
  An orc wizard (D:4)
  A gnoll (D:1)
  5 adders
  2 worms (D:2)
  4 giant geckos
  An orc (D:4)
  A ball python (D:1)
  8 bats
  5 giant cockroaches
  6 goblins
  5 hobgoblins
  6 kobolds
  A quokka (D:3)
  A giant gecko skeleton (D:4)
  6 giant newts
  8 rats
62 creatures vanquished.

Notes
Turn   | Place    | Note
--------------------------------------------------------------
     0 | D:1      | oplop the Octopode Transmuter began the quest for the Orb.
     0 | D:1      | Reached XP level 1. HP: 13/13 MP: 3/3
   139 | D:1      | Reached XP level 2. HP: 12/18 MP: 3/5
   324 | D:1      | Reached XP level 3. HP: 23/23 MP: 4/6
   851 | D:2      | Found an ancient bone altar of Kikubaaqudgha.
   978 | D:2      | Reached XP level 4. HP: 15/29 MP: 6/8
  1197 | D:2      | Noticed Jessica
  1204 | D:2      | Killed Jessica
  1254 | D:2      | Found a stormy altar of Qazlal.
  1350 | D:2      | Reached XP level 5. HP: 25/35 MP: 7/9
  1846 | D:3      | Found a sacrificial altar of Ru.
  2361 | D:4      | Learned a level 2 spell: Sticks to Snakes
  2365 | D:4      | Learned a level 3 spell: Spider Form
  2453 | D:4      | Killed from afar by an orc priest

Action                   |  1- 3 |  4- 6 || total
-------------------------+-------+-------++-------
Melee: Unarmed           |    78 |    64 ||   142
 Cast: Beastly Appendage |    21 |    24 ||    45
 Stab: Sleeping          |     4 |     3 ||     7
  Eat: Chunk             |       |     5 ||     5
